 Dungeon Crawl Stone Soup version 0.30-a0-867-g305f33218d (webtiles) character file.

Game seed: 6828234998432789184

667 demibob the Chopper (level 7, -3/50 HPs)
             Began as a Hill Orc Wanderer on Mar 11, 2023.
             Was a Believer of Beogh.
             Killed by divine providence
             ... invoked by an orc priest
              (12 damage)
             ... on level 4 of the Dungeon.
             The game lasted 00:07:26 (4207 turns).

demibob the Chopper (Hill Orc Wanderer)             Turns: 4207, Time: 00:07:26

Health: -3/50      AC:  9    Str: 15    XL:     7   Next: 57%
Magic:  0/8        EV: 10    Int: 14    God:    Beogh [**....]
Gold:   236        SH:  0    Dex: 10    Spells: 7/8 levels left

rFire   . . .      SeeInvis .    a - +0 hand axe
rCold   . . .      Faith    .    (no shield)
rNeg    . . .      Spirit   +    o - +0 ring mail
rPois   .          Reflect  .    (no helmet)
rElec   .          Rampage  .    (no cloak)
rCorr   .                        m - +0 pair of gloves
Will    .....                    h - +1 pair of boots Stlth
                                 j - amulet of guardian spirit
HPRegen 0.28/turn                (no ring)
MPRegen 0.11/turn                (no ring)

@: studying Fire Magic
A: no striking features
a: Renounce Religion, Smiting


You were on level 4 of the Dungeon.
You worshipped Beogh.
Beogh was pleased with you.
You visited 1 branch of the dungeon, and saw 5 of its levels.

You collected 236 gold pieces.


   Skills:
 * Level 6.9 Axes
 - Level 4.1 Staves
 - Level 1.0 Throwing
 + Level 4.4 Armour
 - Level 1.0 Spellcasting
 - Level 4.0 Summonings
 - Level 1.2 Invocations


You had 7 spell levels left.
You knew the following spells:

 Your Spells              Type           Power      Damage    Failure   Level
z - Summon Small Mammal   Summ           44%        N/A       10%         1

Your spell library contained the following spells:

 Spells                   Type           Power      Damage    Failure   Level
 Call Imp                 Summ           11%        N/A       14%         2
 Magic Dart               Conj           0%         1d3       43%         1
 Gell's Gravitas          Tloc           0%         N/A       82%         3
 Ignite Poison            Fire/Tmut/Pois 0%         N/A       82%         3
 Kindle Blastsparks       Fire/Tloc/Air  0%         2d10      82%         3
 Mephitic Cloud           Conj/Pois/Air  0%         N/A       82%         3
 Teleport Other           Tloc           0%         N/A       82%         3
 Summon Ice Beast         Ice/Summ       6%         N/A       91%         4
 Summon Lightning Spire   Summ/Air       6%         N/A       91%         4
 Summon Forest            Summ/Tloc      3%         N/A       99%         5
 Freezing Cloud           Conj/Ice/Air   0%         6-21      100%        5
 Dispersal                Tloc           0%         N/A       100%        6
 Eringya's Noxious Bog    Tmut/Pois      0%         N/A       100%        6
 Summon Hydra             Summ           5%         N/A       100%        7

Inventory:

Hand Weapons
 a - a +0 hand axe (weapon)
 c - a +0 dagger
 d - a +0 quarterstaff
Missiles
 b - 11 poisoned darts (quivered)
Armour
 h - a +1 pair of boots (worn)
 m - a +0 pair of gloves (worn)
 o - a +0 ring mail (worn)
Jewellery
 j - an amulet of guardian spirit (around neck)
Wands
 k - a wand of roots (6)
Potions
 f - a potion of degeneration {unknown}
 i - a potion of flight {unknown}

Dungeon Overview and Level Annotations

Branches:
Dungeon (5/15)
 Temple: D:4-7

Altars:

Shops:
D:4

[ .###.......# #.##.# ###.
...#.#####.######## #.##.# #~..
.#.#.# #........# #.##.# ##♣♣.
.#.#.# #........# #.##.# #P~~P
.....# #........####.##.# #P♣~♣
.....#####..........##.#..# ###..
..##..............∩.##.#.## ##.
........##........#....#.# #.
...............o@.#....#.# #.
###..##.###.#..o#####.##.#######.
# #.....# #.......#.).##......##.
###..##.# #...>##.#.#.##.)###.##.
.....##.###..........#....# #....
#.##.......#..###...#.###.###.###
..............# #..##.# #.....#
#.#####.#.###.###..##.# ###.###
#.### #..## ##.##..##.# #.#


You could see 2 orc priests.


Message History

You hit the orc priest but do no damage.
The orc priest is heavily wounded.
You hit the orc priest.
The orc priest miscasts a cantrip.
The orc priest calls upon Beogh to heal the orc priest.
The orc priest is healed somewhat.
You hit the orc priest but do no damage.
The orc priest is moderately wounded.
You hit the orc priest.
The orc priest hits you but does no damage. x2
You hit the orc priest.
The orc priest is heavily wounded.
You hit the orc priest.
The orc priest calls upon Beogh to heal the orc priest.
The orc priest is healed somewhat.
The orc priest hits you but does no damage.
You completely miss the orc priest.
The orc priest is lightly wounded.
You barely miss the orc priest.
The orc priest hits you but does no damage. x2
You closely miss the orc priest.
The orc priest is lightly wounded.
You hit the orc priest but do no damage.
The orc priest mumbles some strange prayers to Beogh against you.
Beogh smites you!
* * * LOW HITPOINT WARNING * * *
The orc priest invokes the aid of Beogh against you.
Beogh smites you!
You die...
Beogh appreciates the orc priest's killing of a heretic priest.

Skill      XL: |  1  2  3  4  5  6  7 |
---------------+----------------------+-----
Staves         | 2 3 4 |  4.1
Axes           | 1 3 5 6 |  6.9
Armour         | 2 3 4 |  4.4
Throwing       | |  1.0
Spellcasting   | |  1.0
Summonings     | |  4.0
Invocations    | |  1.2

Action                     |  1- 3 |  4- 6 |  7- 9 || total
---------------------------+-------+-------+-------++-------
  Melee: Quarterstaff      |    99 |    86 |       ||   185
         Hand axe          |       |    88 |   125 ||   213
         Punch             |       |     1 |     2 ||     3
 Invoke: Convert to Beogh  |     1 |       |       ||     1
    Use: Scroll            |     5 |     1 |       ||     6
         Potion            |       |     9 |     2 ||    11
 Armour: Robe              |    16 |       |       ||    16
         Leather armour    |     8 |    35 |       ||    43
         Ring mail         |       |    16 |    28 ||    44
         Skin              |       |    27 |   103 ||   130
  Dodge: Dodged            |    51 |    87 |    29 ||   167

Levels and vault maps discovered:
D:1:      ncdulo_halloftheorcs, layout_loops_corners, kennysheep_pointless_box,
          dk_noncrumbling_2, minmay_3d_cube
D:2:      layout_loops_cross
D:3:      layout_rooms, hellmonk_ecumenical_altar_run_dry, uniq_ijyb
D:4:      layout_loops_ring, serial_shops, shop, serial_bayou_pond_d,
          dk_noncrumbling_4, dreamdust_mushroom_princess
D:5:      layout_cave_pools, minmay_manual_macuahuitl

Notes
Turn   | Place    | Note
-------+----------+-------------------------------------------
     0 | D:1      | demibob the Hill Orc Wanderer began the quest for the Orb.
     0 | D:1      | demibob set off with the following items: a +0
                  | quarterstaff, 11 poisoned darts, a +0 dagger, a potion of
                  | might, a +0 robe; and the following spell memorised: Summon
                  | Small Mammal; and the following spells available to
                  | memorise: Summon Ice Beast, Summon Lightning Spire.
     0 | D:1      | Reached XP level 1. HP: 14/14 MP: 2/2
    75 | D:1      | Reached skill level 2 in Staves
   314 | D:1      | Reached XP level 2. HP: 16/20 MP: 3/3
  1161 | D:2      | You fall into a shaft and drop 2 floors!
  1174 | D:4      | Found Zuyreda's Armour Emporium.
  1274 | D:3      | Became a worshipper of Beogh the Brigand
  1302 | D:2      | Reached skill level 3 in Staves
  1311 | D:2      | Reached XP level 3. HP: 16/26 MP: 1/4
  1884 | D:2      | Reached XP level 4. HP: 33/33 MP: 3/5
  2061 | D:2      | Reached skill level 4 in Staves
  2345 | D:3      | Reached * piety under Beogh
  2355 | D:3      | Reached skill level 1 in Axes
  2365 | D:3      | Reached XP level 5. HP: 38/38 MP: 6/6
  2399 | D:3      | Found a faded altar of an unknown god.
  2478 | D:3      | Reached skill level 2 in Armour
  2489 | D:3      | Reached skill level 2 in Axes
  2858 | D:3      | Noticed Ijyb
  2875 | D:3      | Killed Ijyb
  2876 | D:3      | Reached skill level 3 in Axes
  3437 | D:4      | You fall into a shaft and drop 1 floor!
  3437 | D:5      | Entered Level 5 of the Dungeon
  3487 | D:5      | Reached XP level 6. HP: 45/45 MP: 7/7
  3493 | D:5      | Reached skill level 4 in Axes
  3493 | D:5      | Reached skill level 3 in Armour
  3545 | D:5      | Reached skill level 5 in Axes
  3569 | D:5      | Reached XP level 7. HP: 38/50 MP: 8/8
  3792 | D:5      | Reached ** piety under Beogh
  3816 | D:5      | Reached skill level 6 in Axes
  3816 | D:5      | Reached skill level 4 in Armour
  4207 | D:4      | Killed from afar by an orc priest

Vanquished Creatures
  2 phantoms (D:5)
  3 scorpions (D:5)
  A howler monkey (D:5)
  A hound (D:4)
  2 orc priests
  2 iguanas (D:5)
  Ijyb (D:3)
  5 adders
  A shadow imp (D:5)
  2 worms
  4 dart slugs
  13 orcs
  4 endoplasms
  5 goblins
  2 hobgoblins (D:2)
  6 jackals
  2 quokkas
  6 ball pythons
  4 bats
  4 frilled lizards
  7 kobolds
  5 rats
82 creatures vanquished.

Vanquished Creatures (others)
  A giant cockroach (D:3)
1 creature vanquished.

Grand Total: 83 creatures vanquished

Table legend: (Time is in decaauts)
 A = Elapsed time spent in this place.
 B = Non-inter-level travel time spent in this place.
 C = Inter-level travel time spent in this place.
 D = Time resting spent in this place.
 E = Time spent auto-exploring this place.
 F = Levels seen in this place.
 G = Mean time per level.
                   A        B        C        D        E       F      G
               +--------+--------+--------+--------+--------+-----+--------+
         Total |   4244 |   4103 |    141 |    488 |   2816 |   5 |  848.8 |
       Dungeon |   4244 |   4103 |    141 |    488 |   2816 |   5 |  848.8 |
               +--------+--------+--------+--------+--------+-----+--------+

Top non-repeatable levels by time:
     D:1: 1170 daAuts
     D:2: 996 daAuts
     D:3: 792 daAuts
     D:4: 651 daAuts
     D:5: 634 daAuts

Table legend:
 A = Non-vault XP
 B = Vault XP
 C = Vault XP percentage of total XP
 D = Non-vault monster count
 E = Vault monster count
 F = Vault count percentage of total count
                 A         B        C        D         E       F
            +---------+---------+-------+---------+---------+-------
      Total |     743 |     210 |  22.0 |      75 |       7 |   8.5
            +---------+---------+-------+---------+---------+-------
        D:1 |      18 |       5 |  21.7 |      11 |       3 |  21.4
        D:2 |     105 |       0 |   0.0 |      23 |       0 |   0.0
        D:3 |     103 |      36 |  25.9 |      22 |       1 |   4.3
        D:4 |      59 |       0 |   0.0 |       8 |       0 |   0.0
        D:5 |     458 |     169 |  27.0 |      11 |       3 |  21.4
            +---------+---------+-------+---------+---------+-------
